 Dungeon Sprint DCSS version 0.30.1-11-g7821555f0a (webtiles) character file.

Game seed: 2947069122041142246

3705 Groucho the Destroyer (level 9, -2/54 HPs)
             Began as a Deep Elf Earth Elementalist on Jan 1, 2024.
             Was a High Priest of Sif Muna.
             Slain by a sea snake (15 damage)
             ... in the Dungeon (Sprint VII: "The Pits").
             The game lasted 00:12:06 (4286 turns).

Groucho the Destroyer (Deep Elf Earth Elementalist) Turns: 4286, Time: 00:12:06

Health: -2/54      AC:  7    Str:  8    XL:     9   Next: 91%
Magic:  26/27      EV: 14    Int: 25    God:    Sif Muna [*****.]
Gold:   0          SH:  0    Dex: 15    Spells: 8/32 levels left

rFire   + . .        n - +1 dagger (venom)
rCold   + . .        (no shield)
rNeg    . . .        a - +0 robe
rPois   +            u - +0 helmet
rElec   +            (no cloak)
rCorr   +            v - +0 pair of gloves
SInv    .            (no boots)
Will    .....        (no amulet)
Stlth   ++++         o - +3 ring of protection
HPRegen 0.29/turn    p - +3 ring of strength
MPRegen 0.20/turn

%: no teleportation
@: resistant, invisible
A: no striking features
a: Renounce Religion, Channel Magic, Forget Spell, Divine Exegesis


You were in the Dungeon.
You worshipped Sif Muna.
Sif Muna was extremely pleased with you.
You visited 1 branch

Inventory:

Hand Weapons
 h - a +2 dagger
 n - a +1 dagger of venom (weapon)
 t - a +2 rapier of distortion
Armour
 a - a +0 robe (worn)
 m - a +3 ring mail
 u - a +0 helmet (worn)
 v - a +0 pair of gloves (worn)
Jewellery
 o - a +3 ring of protection (left hand)
 p - a +3 ring of strength (right hand)
Scrolls
 g - a scroll of blinking
 j - 5 scrolls of amnesia
 k - a scroll of summoning
 l - 2 scrolls of vulnerability
Potions
 b - 4 potions of magic
 c - 4 potions of curing
 d - 3 potions of heal wounds
 e - a potion of haste
 f - 3 potions of berserk rage
 i - a potion of invisibility
 q - a potion of resistance
 r - a potion of mutation
 s - a potion of brilliance


   Skills:
 - Level 5.0 Fighting
 - Level 5.0 Short Blades
 - Level 5.0 Dodging
 - Level 10.0 Stealth
 - Level 12.0 Spellcasting
 + Level 12.9 Conjurations
 - Level 7.0 Transmutations
 - Level 5.0 Ice Magic
 + Level 12.9 Earth Magic


You had 8 spell levels left.
You knew the following spells:

 Your Spells              Type           Power      Damage    Failure   Level
a - Sandblast             Erth           100%       2d20      1%          1
b - Stone Arrow           Conj/Erth      100%       3d13      1%          3
c - Petrify               Tmut/Erth      59%        N/A       1%          4
d - Hailstorm             Conj/Ice       56%        3d12      1%          3
e - Fireball              Conj/Fire      23%        3d11      8%          5
f - Lehudib's Crystal Sp  Conj/Erth      34%        10d9      78%         8

Your spell library contained the following spells:

 Spells                   Type           Power      Damage    Failure   Level
 Kiss of Death            Conj/Necr      100%       2d13      1%          1
 Shock                    Conj/Air       100%       1d9       1%          1
 Momentum Strike          Conj/Tloc      94%        3d10      1%          2
 Passwall                 Tmut/Erth      49%        N/A       1%          2
 Searing Ray              Conj           100%       2d8       1%          2
 Static Discharge         Conj/Air       94%        2-6/arc   1%          2
 Dazzling Flash           Conj/Hex       94%        N/A       1%          3
 Arcjolt                  Conj/Air       23%        1d33      8%          5
 Confusing Touch          Hex            15%        N/A       12%         3
 Dispel Undead            Necr           15%        3d10      36%         4
 Conjure Ball Lightning   Conj/Air       23%        3x3d6     41%         6
 Malign Gateway           Summ/Tloc      7%         N/A       100%        7
 Fire Storm               Conj/Fire      23%        8d6       100%        9


Dungeon Overview and Level Annotations

Branches:
Dungeon (1/1)

Altars:
Ashenzari
Cheibriados
Dithmenos
Elyvilon
Fedhas
Gozag
Hepliaklqana
Kikubaaqudgha
Makhleb
Nemelex Xobeh
Okawaru
Qazlal
Ru
Sif Muna
Trog
Uskayaw
Vehumet
Wu Jian
Xom
Yredelemnul
Zin
The Shining One
Jiyva
Lugonu


Message History

* * * LOW HITPOINT WARNING * * *
Unknown command.
You feel much better.
You are covered in liquid flames!
You are no longer on fire.
The vampire mosquito closely misses you.
The vampire mosquito bites you.
The vampire mosquito draws strength from your injuries!
The sea snake barely misses you.
Unknown command.
You barely miss the sea snake.
The vampire mosquito completely misses you.
The sea snake bites you!
You catch the helpless sea snake completely off-guard!
You impale the sea snake!!
The sea snake is poisoned.
The sea snake is moderately wounded.
The vampire mosquito bites you.
The vampire mosquito draws strength from your injuries!
You are too injured to fight recklessly!
You are too injured to fight recklessly!
You are too injured to fight recklessly!
You are too injured to fight recklessly!
Unknown command.
Unknown command.
The vampire mosquito barely misses you. The vampire mosquito bites you!
The vampire mosquito draws strength from your injuries!
The vampire mosquito bites you but does no damage.
You are too injured to fight recklessly!
You are too injured to fight recklessly!
You are too injured to fight recklessly!
Unknown command.
You hit the sea snake.
You punch the sea snake, but do no damage.
The sea snake is heavily wounded.
The vampire mosquito bites you.
* * * LOW HITPOINT WARNING * * *
The vampire mosquito draws strength from your injuries!
The sea snake bites you!
You die...

..##..#..#####.## ..# h##
#n ..##..#....##...#...#
.y#..
..##..).....#...#...#.5r#.
####..'.....)...'...'...'
####..'.....#...#...#...#
.[##..#....##...# ..# ..#
.[##..#..#####.## .##'##
.)##..####...#'######hy.#
))##..##........@y.3k.#..#
))##..#..........S...##
3.# ######################
##


You could see a sea snake (unable to see you, very poisoned), a lindwurm (unable
to see you), a smoke demon (unable to see you), 2 vampire mosquitoes and a wolf
(wandering).

Vanquished Creatures
  An anaconda (D)
  A cyclops (D)
  A black mamba (D)
  A smoke demon (D)
  A demonic crawler (D)
  2 freezing wraiths (D)
  A basilisk (D)
  A redback (D)
  An acid dragon (D)
  A warg (D)
  An orc warrior (D)
  A centaur (D)
  A kobold brigand (D)
  A gnoll sergeant (D)
  2 necrophages (D)
  2 scorpions (D)
  2 hounds (D)
  3 orc priests (D)
  An iguana (D)
  2 orc wizards (D)
  5 gnolls (D)
  A river rat (D)
  A white imp (D)
  An ufetubus (D)
  6 orcs (D)
  A bat (D)
  2 endoplasms (D)
  2 giant cockroaches (D)
  A goblin (D)
  A hobgoblin (D)
  2 rats (D)
50 creatures vanquished.

Notes
Turn   | Place    | Note
-------+----------+-------------------------------------------
     0 | D        | Groucho the Deep Elf Earth Elementalist began the quest for
                  | the Orb.
     0 | D        | Reached XP level 1. HP: 10/10 MP: 6/6
    40 | D        | Found a glowing golden altar of the Shining One.
    40 | D        | Found a glowing silver altar of Zin.
    40 | D        | Found a basalt altar of Yredelemnul.
    40 | D        | Found a shimmering altar of Xom.
    40 | D        | Found an ornate altar of the Wu Jian Council.
    40 | D        | Found a bloodstained altar of Trog.
    40 | D        | Found a shimmering blue altar of Sif Muna.
    40 | D        | Found a sacrificial altar of Ru.
    40 | D        | Found a stormy altar of Qazlal.
    40 | D        | Found an iron altar of Okawaru.
    40 | D        | Found a sparkling altar of Nemelex Xobeh.
    40 | D        | Found a burning altar of Makhleb.
    40 | D        | Found a viscous altar of Jiyva.
    40 | D        | Found a hazy altar of Hepliaklqana.
    40 | D        | Found an opulent altar of Gozag.
    40 | D        | Found a blossoming altar of Fedhas.
    40 | D        | Found a white marble altar of Elyvilon.
    40 | D        | Found a shadowy altar of Dithmenos.
    40 | D        | Found a snail-covered altar of Cheibriados.
    41 | D        | Found a radiant altar of Vehumet.
    41 | D        | Found a corrupted altar of Lugonu.
    42 | D        | Found an ancient bone altar of Kikubaaqudgha.
    42 | D        | Found a hide-covered altar of Uskayaw.
    42 | D        | Found a broken altar of Ashenzari.
    43 | D        | Became a worshipper of Sif Muna the Loreminder
    50 | D        | Noticed a scorpion
    54 | D        | Killed a scorpion
    55 | D        | Reached XP level 2. HP: 10/15 MP: 3/12
    55 | D        | Reached XP level 3. HP: 13/19 MP: 3/14
    60 | D        | Learned a level 3 spell: Stone Arrow
   340 | D        | Reached * piety under Sif Muna
   348 | D        | Noticed a scorpion
   350 | D        | Killed a scorpion
   351 | D        | Reached XP level 4. HP: 24/24 MP: 10/16
   656 | D        | Reached ** piety under Sif Muna
   799 | D        | Reached XP level 5. HP: 28/28 MP: 9/18
   840 | D        | Learned a level 4 spell: Petrify
   850 | D        | Noticed an orc warrior
   865 | D        | Reached *** piety under Sif Muna
   876 | D        | Reached skill level 10 in Spellcasting
   876 | D        | Reached skill level 5 in Conjurations
   881 | D        | Reached **** piety under Sif Muna
   882 | D        | Reached XP level 6. HP: 13/32 MP: 3/21
   883 | D        | Reached skill level 10 in Earth Magic
   977 | D        | Reached ***** piety under Sif Muna
  1319 | D        | Killed an orc warrior
  1320 | D        | Reached skill level 10 in Conjurations
  1320 | D        | Reached skill level 5 in Transmutations
  1320 | D        | Reached XP level 7. HP: 36/36 MP: 7/22
  1436 | D        | Received a gift from Sif Muna
  1437 | D        | Got Sif Muna's Commentary on the Barrage {god gift}
  1445 | D        | Learned a level 3 spell: Hailstorm
  1749 | D        | Reached skill level 1 in Fighting
  1749 | D        | Reached skill level 1 in Short Blades
  1888 | D        | Reached skill level 1 in Ice Magic
  2234 | D        | Noticed a basilisk
  2238 | D        | Killed a basilisk
  2238 | D        | Received a gift from Sif Muna
  2239 | D        | Reached skill level 5 in Stealth
  2239 | D        | Reached XP level 8. HP: 45/45 MP: 7/24
  2736 | D        | Noticed a freezing wraith
  2744 | D        | Killed a freezing wraith
  2745 | D        | Reached skill level 5 in Dodging
  3233 | D        | Noticed a demonic crawler
  3254 | D        | Received a gift from Sif Muna
  3266 | D        | Killed a demonic crawler
  3267 | D        | Reached skill level 5 in Fighting
  3267 | D        | Reached skill level 5 in Short Blades
  3267 | D        | Reached skill level 5 in Ice Magic
  3269 | D        | Got Sif Muna's Volume of Wounds {god gift}
  3274 | D        | Noticed a smoke demon
  3276 | D        | Learned a level 5 spell: Fireball
  3285 | D        | Killed a smoke demon
  3286 | D        | Reached skill level 10 in Stealth
  3286 | D        | Reached XP level 9. HP: 18/54 MP: 13/25
  3296 | D        | Learned a level 8 spell: Lehudib's Crystal Spear
  3537 | D        | Noticed a guardian mummy
  3538 | D        | Noticed a cyclops
  3572 | D        | Killed a cyclops
  3794 | D        | Noticed a black mamba
  3813 | D        | Noticed an anaconda
  3817 | D        | Killed an anaconda
  3838 | D        | Received a gift from Sif Muna
  3839 | D        | Got Sif Muna's Secrets of Blasting and Companions {god
                  | gift}
  3915 | D        | Killed a black mamba
  4031 | D        | Noticed a freezing wraith
  4042 | D        | Killed a freezing wraith
  4272 | D        | Noticed a lindwurm
  4272 | D        | Noticed a smoke demon
  4272 | D        | Noticed a sea snake
  4286 | D        | Slain by a sea snake

Illustrated notes

Levels and vault maps discovered:
D:        pitsprint [storerooms_1, entrance_room_1, metal_vault_1, armoury_2,
          mini_pit_1, grid_room_1, main_hall_1, silver_pit, the_coven_2,
          the_vestibule_1, steel_vault_1, golden_pit, hallway_of_sentries,
          crystal_vault_5, iron_vault_4, final_vault]

Skill      XL: |  1  2  3  4  5  6  7  8  9 |
---------------+----------------------------+-----
Spellcasting   | 7 8 9 10 12 | 12.0
Earth Magic    | 6 7 8 9 10 12 | 12.9
Conjurations   | 3 4 6 10 12 | 12.9
Transmutations | 5 7 |  7.0
Fighting       | 2 5 |  5.0
Short Blades   | 3 5 |  5.0
Dodging        | 4 5 |  5.0
Stealth        | 5 10 | 10.0
Ice Magic      | 2 5 |  5.0

Action                     |  1- 3 |  4- 6 |  7- 9 || total
---------------------------+-------+-------+-------++-------
  Melee: Dagger            |       |     1 |    16 ||    17
         Punch             |       |       |     1 ||     1
   Cast: Sandblast         |     8 |     5 |     2 ||    15
         Stone Arrow       |     1 |    22 |    44 ||    67
         Petrify           |       |     1 |    10 ||    11
         Fireball          |       |       |     1 ||     1
         Hailstorm         |       |       |     1 ||     1
    Use: Potion            |       |       |    15 ||    15
   Stab: Petrified         |       |       |    13 ||    13
         Invisible         |       |       |     1 ||     1
 Armour: Robe              |       |       |    17 ||    17
  Dodge: Dodged            |     3 |     1 |    43 ||    47
